 Dungeon Crawl Stone Soup version 0.16.1-14-g82efdee (webtiles) character file.

1372 ImaNewbie the Cleaver (level 8, 0/64 HPs)
             Began as a Hill Orc Fighter on Apr 12, 2015.
             Was a Believer of Beogh.
             Slain by a killer bee (8 damage)
             ... on level 7 of the Dungeon.
             The game lasted 00:24:54 (5328 turns).

ImaNewbie the Cleaver (Hill Orc Fighter)            Turns: 5328, Time: 00:24:55

Health: 0/64       AC: 11    Str: 21      XL:     8   Next: 66%
Magic:  8/8        EV:  8    Int:  8      God:    Beogh [**....]
Gold:   364        SH: 11    Dex:  9 (10) Spells: 0 memorised, 7 levels left

rFire  . . .     SeeInvis .     a - +0 war axe
rCold  . . .     Clarity  .     w - +0 scale mail
rNeg   . . .     SustAb   .     c - +0 shield
rPois  .         Gourm    .     (no helmet)
rElec  .         Spirit   .     (no cloak)
rCorr  .         Warding  .     p - +0 pair of gloves
rMut   .         Stasis   .     o - +0 pair of boots
MR     ++...                    j - amulet of regeneration
Stlth  ..........               H - ring of protection from magic
                                l - ring of protection from magic

@: very resistant to hostile enchantments, extremely unstealthy
A: blurry vision 2
a: Smiting, Renounce Religion


You were on level 7 of the Dungeon.
You worshipped Beogh.
Beogh was pleased with you.
You were not hungry.

You visited 1 branch of the dungeon, and saw 7 of its levels.

You collected 364 gold pieces.

Inventory:

Hand weapons
 a - a +0 war axe (weapon)
 b - a +0 blowgun
 z - a +0 broad axe
Missiles
 x - 17 poisoned needles
Armour
 c - a +0 shield (worn)
 o - a +0 pair of boots (worn)
 p - a +0 pair of gloves (worn)
 w - a +0 scale mail (worn)
 y - a +0 cloak
 I - the +0 large shield of Mogibo {Str+2}
   (You found it on level 5 of the Dungeon)

   It affects your strength (+2).
Jewellery
 j - an amulet of regeneration (around neck)
 l - a ring of protection from magic (left hand)
 H - a ring of protection from magic (right hand)
 K - an uncursed ring of teleport control {unknown}
Scrolls
 g - 4 scrolls of recharging
 h - 2 scrolls of blinking {unknown}
 n - 2 scrolls of noise {unknown}
 q - 3 scrolls of magic mapping {unknown}
 t - 2 scrolls of enchant weapon {unknown}
 u - a scroll of random uselessness {unknown}
 B - a scroll of fear {unknown}
 C - 8 scrolls of identify
 D - a scroll of teleportation
 E - 3 scrolls of remove curse {unknown}
Potions
 e - a potion of might
 i - 3 potions of lignification
 s - a potion of poison
 A - 2 potions of brilliance
Comestibles
 d - 6 chunks of flesh
 f - 8 fruits
 k - 2 slices of pizza
 m - 4 bread rations
 G - a royal jelly


   Skills:
 - Level 3.6 Fighting
 * Level 10.0 Axes
 + Level 6.3 Armour
 + Level 6.5 Shields


You had 7 spell levels left.
You didn't know any spells.

Dungeon Overview and Level Annotations

Branches:
Dungeon (7/15)             Temple (0/1) D:5

Altars:
Cheibriados
Dithmenos
Gozag
Vehumet
Yredelemnul

Shops:
D:4 *   D:5 ?

Annotations:
D:5 exclusion: downstairs
D:6 exclusion: orc warrior


Innate Abilities, Weirdness & Mutations

Scrolls take you longer to read.


Message History

You block the killer bee's attack. You block the hound's attack.
You block the killer bee's attack.
You closely miss the hound.
The hound is heavily wounded.
You miss the killer bee.
The killer bee is almost dead.
You block the killer bee's attack. The hound bites you but does no damage.
The killer bee stings you but does no damage.
The hound bites you.
* * * LOW HITPOINT WARNING * * *
You hit the hound.
The hound is severely wounded.
You closely miss the killer bee.
The killer bee is almost dead.
You block the killer bee's attack. The hound bites you.
* * * LOW HITPOINT WARNING * * *
The killer bee barely misses you.
Use which ability? (? or * to list)
You fail to use your ability.
The killer bee stings you!
You die...

########################
#..............#.......#
#..............#.......#
###......................#
#....................#####
.....................#
..............†.......#######
..............y@..#..........#
..............h...#..........#
.................#..........#
.................#..........#
h.......##########....†.....+
....P..##########.÷........#
####..........#.....###+###
#..........#.....#
#..........'.....+


You could see a hound and a killer bee.

Vanquished Creatures
  A hippogriff (D:7)
  A sky beast (D:6)
  A centaur (D:6)
  An ogre (D:7)
  A giant frog (D:6)
  3 wights (D:6)
  2 killer bees (D:7)
  A scorpion (D:4)
  4 crimson imps
  A giant frog zombie (D:5)
  4 orc priests
  A goliath beetle (D:6)
  An iguana (D:6)
  3 orc wizards
  2 worker ants
  Ijyb (D:2)
  A hound skeleton (D:5)
  6 adders
  2 shadow imps
  A giant mite (D:5)
  3 worms
  An adder skeleton (D:3)
  An adder zombie (D:5)
  18 orcs
  A bat zombie (D:5)
  11 hobgoblins
  14 jackals
  An ooze (D:4)
  2 ball pythons
  A ball python skeleton (D:5)
  8 bats
  3 giant cockroaches (D:4)
  A giant cockroach zombie (D:5)
  2 giant geckos
  3 giant newts
  14 goblins
  12 kobolds
  10 rats
  A rat skeleton (D:6)
145 creatures vanquished.

Vanquished Creatures (others)
  2 orcs (D:4)
2 creatures vanquished.

Grand Total: 147 creatures vanquished

Notes
Turn   | Place    | Note
--------------------------------------------------------------
     0 | D:1      | ImaNewbie, the Hill Orc Fighter, began the quest for the Orb.
     0 | D:1      | Reached XP level 1. HP: 19/19 MP: 1/1
   193 | D:1      | Reached XP level 2. HP: 23/26 MP: 2/2
   814 | D:2      | Reached skill level 4 in Axes
   814 | D:2      | Reached XP level 3. HP: 25/31 MP: 3/3
   849 | D:2      | Noticed Ijyb
   861 | D:2      | Killed Ijyb
   942 | D:2      | Found a radiant altar of Vehumet.
  1195 | D:2      | Reached XP level 4. HP: 35/39 MP: 4/4
  2024 | D:3      | Reached skill level 5 in Axes
  2320 | D:4      | Became a worshipper of Beogh the Brigand
  2522 | D:4      | Reached XP level 5. HP: 45/45 MP: 5/5
  2547 | D:4      | Got a jewelled leather armour
  2558 | D:4      | Identified the +1 leather armour of Poocryxu {-Tele Str+2 Int+3} (You found it on level 4 of the Dungeon)
  2667 | D:4      | Found a snail-covered altar of Cheibriados.
  2668 | D:4      | Found a shadowy altar of Dithmenos.
  2672 | D:4      | Found an opulent altar of Gozag.
  2674 | D:4      | Found a basalt altar of Yredelemnul.
  2690 | D:4      | Found Enair's Assorted Antiques.
  3477 | D:4      | Reached skill level 6 in Axes
  3477 | D:4      | Reached XP level 6. HP: 41/51 MP: 6/6
  3560 | D:5      | Entered Level 5 of the Dungeon
  3574 | D:5      | Found Crai's Magic Scroll Boutique.
  3652 | D:5      | Found a staircase to the Ecumenical Temple.
  3659 | D:5      | Acquired Beogh's first power
  3718 | D:5      | Got a bloodstained large shield
  3729 | D:5      | Identified the +0 large shield of Mogibo {Str+2} (You found it on level 5 of the Dungeon)
  4205 | D:5      | Reached skill level 7 in Axes
  4205 | D:5      | Reached skill level 5 in Shields
  4223 | D:5      | Reached XP level 7. HP: 57/57 MP: 7/7
  4374 | D:6      | Reached skill level 5 in Armour
  4402 | D:6      | Acquired Beogh's second power
  4412 | D:6      | Reached skill level 8 in Axes
  4579 | D:6      | Reached XP level 8. HP: 33/64 MP: 8/8
  4760 | D:6      | Reached skill level 9 in Axes
  4764 | D:6      | Gained mutation: Scrolls take you a little longer to read. [mutagenic meat]
  4815 | D:6      | Gained mutation: You heal slowly when monsters are visible. [potion of mutation]
  4815 | D:6      | Gained mutation: Scrolls take you longer to read. [potion of mutation]
  4815 | D:6      | Lost mutation: You heal slowly when monsters are visible. [potion of mutation]
  5320 | D:7      | Reached skill level 10 in Axes
  5328 | D:7      | Slain by a killer bee

Action                   |  1- 3 |  4- 6 |  7- 9 || total
-------------------------+-------+-------+-------++-------
Melee: War axe           |   106 |   281 |   177 ||   564
Invok: Convert to Beogh  |       |     1 |       ||     1
  Use: Scroll            |     2 |       |     1 ||     3
       Potion            |     2 |       |     7 ||     9
  Eat: Chunk             |       |    11 |     2 ||    13
       Meat ration       |       |       |     1 ||     1
       Beef jerky        |       |       |     1 ||     1
